[Event "Denmark Team Championship 2022"]
[Site "Denmark"]
[Date "2022.10.30"]
[Round "2.5"]
[White "Kistrup, Nicolai"]
[Black "Pilgaard, Kim"]
[Result "1/2-1/2"]
[ECO "D30"]
[WhiteElo "2274"]
[BlackElo "2379"]
[Annotator "ChessBase"]
[PlyCount "65"]
[EventDate "2022.10.29"]
[EventType "team-tourn"]
[EventCountry "DEN"]
[SourceTitle "playchess.com"]
[Source "ChessBase"]
[SourceQuality "1"]
[TimeControl "40/5400+30:1800+30"]

1. d4 d5 2. c4 e6 3. Nf3 c6 4. g3 dxc4 5. Bg2 b5 6. a4 Bb7 7. Ne5 a6 8. O-O Nf6 9. b3 cxb3 10. Qxb3 Qxd4 11. Bb2 Qb4 12. Qc2 Qc5 13. Qd3 Qd6 14. Qf3 Be7 15. Na3 O-O 16. axb5 axb5 17. Nxb5 Qb4 18. Ba3 Qxb5 19. Bxe7 Rxa1 20. Rxa1 Qxe5 21. Rb1 Re8 22. Rxb7 Nbd7 23. Bb4 Qa1+ 24. Bf1 Qa6 25. Rc7 Qb6 26. Bd6 c5 27. Qc6 Qxc6 28. Rxc6 Ne4 29. Bf4 h6 30. f3 Nc3 31. Bd6 Nb5 32. Bxc5 Nxc5 33. Rxc5 1/2-1/2

[Event "Denmark Team Championship 2022"]
[Site "Denmark"]
[Date "2022.10.30"]
[Round "2.5"]
[White "Klitgaard, Thomas"]
[Black "Hansen, Soren Bech"]
[Result "1/2-1/2"]
[ECO "C02"]
[WhiteElo "2137"]
[BlackElo "2275"]
[Annotator "ChessBase"]
[PlyCount "167"]
[EventDate "2022.10.29"]
[EventType "team-tourn"]
[EventCountry "DEN"]
[SourceTitle "playchess.com"]
[Source "ChessBase"]
[SourceQuality "1"]
[TimeControl "40/5400+30:1800+30"]

1. d4 e6 2. e4 d5 3. e5 c5 4. c3 Nc6 5. Nf3 Qb6 6. Bd3 Bd7 7. dxc5 Bxc5 8. O-O a5 9. Qe2 Nge7 10. h4 Nf5 11. Bf4 h5 12. a4 Nce7 13. Bh2 Ng6 14. Bxf5 exf5 15. c4 d4 16. Nbd2 Be6 17. Qd3 Rd8 18. Nb3 O-O 19. Nxc5 Qxc5 20. b3 Rd7 21. Ng5 Qc6 22. Rad1 Re8 23. Rd2 f4 24. Qe4 Qxe4 25. Nxe4 Bf5 26. Nd6 Rxe5 27. Rxd4 Bc2 28. Nb5 Ree7 29. c5 Bxb3 30. Nd6 Re5 31. Rc1 Rd5 32. Rxd5 Bxd5 33. Rd1 Bc6 34. Rd4 f3 35. g4 Re7 36. Bg3 hxg4 37. Rxg4 Re1+ 38. Kh2 Ne5 39. Rd4 f6 40. h5 Rc1 41. Bxe5 fxe5 42. Rg4 Rf1 43. Ne4 Bxe4 44. Rxe4 Rxf2+ 45. Kg3 Rg2+ 46. Kxf3 Rg5 47. Rc4 Rxh5 48. Kg4 Rh1 49. c6 bxc6 50. Rxc6 Rf1 51. Rc5 Rf4+ 52. Kg5 Rxa4 53. Rxe5 Kh7 54. Rb5 Ra1 55. Kg4 a4 56. Ra5 a3 57. Kh3 Kg6 58. Kg2 Kf6 59. Ra7 g6 60. Ra5 g5 61. Kh2 g4 62. Kg2 Ke6 63. Ra4 Kd5 64. Rxg4 Rc1 65. Ra4 Rc3 66. Kf2 Kc5 67. Ke2 Kb5 68. Ra8 Kb4 69. Kd2 Rc7 70. Rb8+ Ka4 71. Ra8+ Kb3 72. Rb8+ Ka2 73. Rb6 Ka1 74. Rb8 a2 75. Rb6 Rh7 76. Kc2 Rh2+ 77. Kc1 Rh1+ 78. Kc2 Rb1 79. Rc6 Rb2+ 80. Kc1 Rh2 81. Rc8 Rh7 82. Rc6 Rh1+ 83. Kc2 Rc1+ 84. Kxc1 1/2-1/2

[Event "Denmark Team Championship 2022"]
[Site "Denmark"]
[Date "2022.10.30"]
[Round "2.6"]
[White "Pedersen, Nicolai Vesterbaek"]
[Black "Ahlander, Bjorn"]
[Result "1/2-1/2"]
[ECO "E36"]
[WhiteElo "2367"]
[BlackElo "2406"]
[Annotator "ChessBase"]
[PlyCount "47"]
[EventDate "2022.10.29"]
[EventType "team-tourn"]
[EventCountry "DEN"]
[SourceTitle "playchess.com"]
[Source "ChessBase"]
[SourceQuality "1"]
[TimeControl "40/5400+30:1800+30"]

1. d4 Nf6 2. c4 e6 3. Nc3 Bb4 4. Qc2 d5 5. a3 Bxc3+ 6. Qxc3 O-O 7. Nf3 dxc4 8. Qxc4 b6 9. Bg5 Ba6 10. Qa4 Qd7 11. Qc2 c5 12. dxc5 bxc5 13. g3 Qb5 14. Bg2 Nbd7 15. a4 Qb6 16. O-O Rab8 17. Rab1 Bb7 18. Bxf6 Nxf6 19. Ne5 Bxg2 20. Kxg2 Nd7 21. Nxd7 Qc6+ 22. e4 Qxd7 23. Rfd1 Qb7 24. Rd6 1/2-1/2

[Event "Denmark Team Championship 2022"]
[Site "Denmark"]
[Date "2022.10.30"]
[Round "2.6"]
[White "Hoi, Carsten"]
[Black "Jacobsen, Mikkel Manosri"]
[Result "0-1"]
[ECO "D31"]
[WhiteElo "2344"]
[BlackElo "2267"]
[Annotator "ChessBase"]
[PlyCount "68"]
[EventDate "2022.10.29"]
[EventType "team-tourn"]
[EventCountry "DEN"]
[SourceTitle "playchess.com"]
[Source "ChessBase"]
[SourceQuality "1"]
[TimeControl "40/5400+30:1800+30"]

1. d4 d5 2. c4 e6 3. Nc3 a6 4. cxd5 exd5 5. Nf3 h6 6. Bf4 Nf6 7. e3 Bd6 8. Bg3 Bf5 9. Bh4 c6 10. Ne5 Qb6 11. Bd3 Qxb2 12. O-O Qxc3 13. Rc1 Qa5 14. Bxf5 Be7 15. f4 g6 16. Bxg6 fxg6 17. Bxf6 Bxf6 18. Qg4 O-O 19. Qxg6+ Bg7 20. f5 Qa3 21. Qe6+ Kh7 22. Ng4 Qd3 23. Rf3 Qe4 24. Qg6+ Kh8 25. Ne5 Qh4 26. Nf7+ Kg8 27. Rh3 Qxh3 28. gxh3 Rxf7 29. Kh1 Nd7 30. Rg1 Re8 31. Qxh6 Ree7 32. Rxg7+ Rxg7 33. f6 Nxf6 34. Qxf6 Ref7 0-1

[Event "Denmark Team Championship 2022"]
[Site "Denmark"]
[Date "2022.10.30"]
[Round "2.6"]
[White "Baekgaard, Martin"]
[Black "Ostergaard, Jens"]
[Result "0-1"]
[ECO "A62"]
[WhiteElo "2296"]
[BlackElo "2253"]
[Annotator "ChessBase"]
[PlyCount "58"]
[EventDate "2022.10.29"]
[EventType "team-tourn"]
[EventCountry "DEN"]
[SourceTitle "playchess.com"]
[Source "ChessBase"]
[SourceQuality "1"]
[TimeControl "40/5400+30:1800+30"]

1. d4 Nf6 2. c4 e6 3. Nc3 c5 4. d5 exd5 5. cxd5 d6 6. Nf3 g6 7. g3 Bg7 8. Bg2 O-O 9. O-O a6 10. a4 Re8 11. Bf4 Nh5 12. Bg5 Qc7 13. h3 Nd7 14. e4 Rb8 15. g4 Nhf6 16. Nd2 b5 17. axb5 axb5 18. Qc2 c4 19. Rac1 Ba6 20. Nd1 Rbc8 21. b4 Ne5 22. Nc3 Nd3 23. Ra1 Ra8 24. Rfb1 h5 25. Ra3 hxg4 26. h4 Nh5 27. Nxb5 Bxb5 28. Rxd3 Qa7 29. Re3 f6 0-1

[Event "Denmark Team Championship 2022"]
[Site "Denmark"]
[Date "2022.10.30"]
[Round "2.6"]
[White "Larsen, Karsten"]
[Black "Abildlund, Jens"]
[Result "1-0"]
[ECO "B00"]
[WhiteElo "2241"]
[BlackElo "2183"]
[Annotator "ChessBase"]
[PlyCount "132"]
[EventDate "2022.10.29"]
[EventType "team-tourn"]
[EventCountry "DEN"]
[SourceTitle "playchess.com"]
[Source "ChessBase"]
[SourceQuality "1"]
[TimeControl "40/5400+30:1800+30"]

1. e4 d6 2. d4 e5 3. d5 Nf6 4. f3 Be7 5. Be3 O-O 6. Qd2 Ne8 7. Bd3 h6 8. Ne2 Bg5 9. f4 exf4 10. Nxf4 Nd7 11. Nc3 Ne5 12. O-O-O c5 13. dxc6 bxc6 14. g3 Qa5 15. Be2 Rb8 16. a3 Bg4 17. Rhf1 Bf6 18. h3 Bxe2 19. Qxe2 Nd7 20. Bd4 Be5 21. Qc4 Nef6 22. Ng6 Nb6 23. Ne7+ Kh8 24. Qxc6 Rfe8 25. Bxe5 Qxe5 26. Nf5 Re6 27. Nxd6 Kg8 28. Qc7 Rf8 29. Ndb5 Qg5+ 30. Qf4 Qc5 31. Qf2 Qe7 32. Rfe1 Nh5 33. g4 Qg5+ 34. Kb1 Nf4 35. Qf3 Qe5 36. Nd4 Rf6 37. Nf5 Nc4 38. b3 Rb8 39. Ka2 Na5 40. Nd5 Nxd5 41. exd5 Qc7 42. Qd3 Rd8 43. Re2 Nb7 44. Rde1 Nc5 45. Qc3 a5 46. Qc4 Kh7 47. Re3 Qb6 48. Rc3 Na6 49. Rd1 g6 50. Ng3 Rfd6 51. Ne4 Nb4+ 52. axb4 axb4 53. Rf3 Qa5+ 54. Kb1 Ra8 55. Kc1 Rdd8 56. Nf6+ Kg7 57. Qd4 Kf8 58. Rdf1 Ra7 59. Kd2 Rc7 60. h4 Qa2 61. Qxb4+ Kg7 62. Rc3 Ra7 63. Qd4 Kf8 64. h5 g5 65. Re1 Qa6 66. Ne8 Rda8 1-0

[Event "Denmark Team Championship 2022"]
[Site "Denmark"]
[Date "2022.10.30"]
[Round "2.6"]
[White "Rewitz, Poul"]
[Black "Schmidt, Kristen"]
[Result "1/2-1/2"]
[ECO "A00"]
[WhiteElo "2172"]
[BlackElo "2273"]
[Annotator "ChessBase"]
[PlyCount "137"]
[EventDate "2022.10.29"]
[EventType "team-tourn"]
[EventCountry "DEN"]
[SourceTitle "playchess.com"]
[Source "ChessBase"]
[SourceQuality "1"]
[TimeControl "40/5400+30:1800+30"]

1. g3 c5 2. Bg2 Nc6 3. Nf3 g6 4. d4 cxd4 5. Nxd4 Bg7 6. Nxc6 bxc6 7. O-O Nf6 8. c4 O-O 9. Nc3 Rb8 10. Qc2 Qc7 11. Bf4 e5 12. Bg5 d6 13. b3 h6 14. Bd2 d5 15. cxd5 cxd5 16. Rac1 Bf5 17. Qb2 Qd7 18. Rfd1 d4 19. Nb1 Be4 20. Bxe4 Nxe4 21. Qc2 f5 22. Qc6 Qf7 23. Qc4 Nd6 24. Qxf7+ Rxf7 25. Rc6 Rd7 26. Rdc1 Kf7 27. Ba5 Rbb7 28. Na3 e4 29. Kf1 d3 30. Rd1 Nb5 31. Nxb5 Rxb5 32. Rc7 Rxc7 33. Bxc7 Rd5 34. Bf4 g5 35. Bd2 Bb2 36. Rb1 Bd4 37. Rd1 Ke6 38. Rc1 dxe2+ 39. Kxe2 Bxf2 40. Rc6+ Kf7 41. Rxh6 g4 42. Ra6 Bg1 43. Be3 Bxe3 44. Kxe3 Rd3+ 45. Ke2 Rd7 46. b4 Rc7 47. b5 Ke7 48. a4 Kd8 49. Ke3 Kc8 50. Kf4 Rf7 51. Rc6+ Kb7 52. a5 Kb8 53. Re6 Kc7 54. Rc6+ Kb8 55. Rc5 Kb7 56. Rc3 Rc7 57. Rb3 Rc5 58. Rb1 a6 59. bxa6+ Kxa6 60. h3 gxh3 61. Rh1 Kxa5 62. Rxh3 Kb5 63. g4 fxg4 64. Re3 Rc4 65. Rxe4 Rxe4+ 66. Kxe4 g3 67. Ke3 g2 68. Kf2 g1=Q+ 69. Kxg1 1/2-1/2

[Event "Denmark Team Championship 2022"]
[Site "Denmark"]
[Date "2022.10.30"]
[Round "2.7"]
[White "Kristensen, Kaare Hove"]
[Black "Pedersen, Gunnar"]
[Result "0-1"]
[ECO "B07"]
[WhiteElo "2267"]
[BlackElo "2221"]
[Annotator "ChessBase"]
[PlyCount "62"]
[EventDate "2022.10.29"]
[EventType "team-tourn"]
[EventCountry "DEN"]
[SourceTitle "playchess.com"]
[Source "ChessBase"]
[SourceQuality "1"]
[TimeControl "40/5400+30:1800+30"]

1. e4 d6 2. d4 Nf6 3. Nc3 c6 4. f4 Qa5 5. e5 Ne4 6. Bd3 Nxc3 7. Qd2 d5 8. Qxc3 Qxc3+ 9. bxc3 e6 10. c4 c5 11. cxd5 exd5 12. c3 Nc6 13. Ne2 Bd7 14. Rb1 b6 15. Be3 Be7 16. O-O O-O 17. dxc5 Bxc5 18. Bxc5 bxc5 19. Rb5 Nb4 20. cxb4 Bxb5 21. Bxb5 cxb4 22. Bc6 Rab8 23. Bxd5 Rfd8 24. Rd1 Kf8 25. Kf2 a5 26. Ke3 a4 27. Rd3 Rdc8 28. Kd2 Rc5 29. Be4 h6 30. Rd5 Rxd5+ 31. Bxd5 Rd8 0-1

[Event "Denmark Team Championship 2022"]
[Site "Denmark"]
[Date "2022.10.30"]
[Round "2.7"]
[White "Pedersen, Henrik Dahl"]
[Black "Brondt, Nicolai Kvist"]
[Result "1/2-1/2"]
[ECO "B47"]
[WhiteElo "2233"]
[BlackElo "2248"]
[Annotator "ChessBase"]
[PlyCount "54"]
[EventDate "2022.10.29"]
[EventType "team-tourn"]
[EventCountry "DEN"]
[SourceTitle "playchess.com"]
[Source "ChessBase"]
[SourceQuality "1"]
[TimeControl "40/5400+30:1800+30"]

1. e4 c5 2. Nf3 e6 3. d4 cxd4 4. Nxd4 Nc6 5. Nc3 Qc7 6. Be2 a6 7. O-O Nf6 8. Be3 Be7 9. f4 d6 10. Nxc6 bxc6 11. Bf3 O-O 12. g4 d5 13. Qd2 Rd8 14. Qf2 c5 15. g5 Nxe4 16. Nxe4 dxe4 17. Bxe4 Bb7 18. Qf3 Bxe4 19. Qxe4 g6 20. Rad1 Bf8 21. Qc4 Qc6 22. Kf2 Rd5 23. Rd3 Qb5 24. b3 Qb7 25. Rfd1 Rad8 26. Qe4 Qd7 27. Ke2 Be7 1/2-1/2

[Event "Denmark Team Championship 2022"]
[Site "Denmark"]
[Date "2022.10.30"]
[Round "2.7"]
[White "Brorsen, Jacob Abildlund"]
[Black "Bromann, Thorbjorn"]
[Result "0-1"]
[ECO "E11"]
[WhiteElo "2201"]
[BlackElo "2374"]
[Annotator "ChessBase"]
[PlyCount "86"]
[EventDate "2022.10.29"]
[EventType "team-tourn"]
[EventCountry "DEN"]
[SourceTitle "playchess.com"]
[Source "ChessBase"]
[SourceQuality "1"]
[TimeControl "40/5400+30:1800+30"]

1. d4 e6 2. Nf3 Nf6 3. c4 Bb4+ 4. Nbd2 d5 5. e3 O-O 6. Qc2 b6 7. a3 Be7 8. Bd3 Nbd7 9. O-O dxc4 10. Nxc4 c5 11. Nce5 Bb7 12. Ng5 g6 13. Nxg6 hxg6 14. Bxg6 Qc8 15. d5 Bxd5 16. f4 Qa6 17. b3 Qb5 18. Rb1 c4 19. b4 c3 20. Bd3 Bc4 21. Bh7+ Kg7 22. Rf3 Rh8 23. Rg3 Kf8 24. Qxc3 Ba2 25. Bd3 Qa4 26. Bc2 Qa6 27. Nh7+ Rxh7 28. Bxh7 Rc8 29. Qb2 Bxb1 30. Bxb1 Qc4 31. Bd2 Ke8 32. Qd4 Qb3 33. Bd3 Qd1+ 34. Bf1 Rc2 35. Bc3 Qc1 36. Ba1 Ra2 37. Bc3 Rc2 38. e4 Qxf4 39. Rf3 Qxe4 40. Qd1 Ra2 41. Qb3 Rc2 42. Bd3 Rc1+ 43. Kf2 Qh4+ 0-1

[Event "Denmark Team Championship 2022"]
[Site "Denmark"]
[Date "2022.10.30"]
[Round "2.7"]
[White "Hoiberg, Nina"]
[Black "Simonsen, Carsten"]
[Result "1/2-1/2"]
[ECO "B90"]
[WhiteElo "2144"]
[BlackElo "2234"]
[Annotator "ChessBase"]
[PlyCount "179"]
[EventDate "2022.10.29"]
[EventType "team-tourn"]
[EventCountry "DEN"]
[SourceTitle "playchess.com"]
[Source "ChessBase"]
[SourceQuality "1"]
[TimeControl "40/5400+30:1800+30"]

1. e4 c5 2. Nf3 d6 3. Nc3 Nf6 4. d4 cxd4 5. Nxd4 a6 6. Bd3 e5 7. Nf3 Be7 8. h3 b5 9. Bg5 Be6 10. Qd2 Nbd7 11. O-O Nc5 12. a4 b4 13. Bxf6 Bxf6 14. Ne2 Rb8 15. Ng3 g6 16. Rfd1 O-O 17. Qe2 Qc8 18. Bc4 Qc6 19. a5 Kg7 20. Bd5 Bxd5 21. Rxd5 Ne6 22. Qd2 Be7 23. Rd1 Rfd8 24. Rd3 Nf4 25. Rb3 Qc4 26. Ne1 Bg5 27. Kh2 Nxh3 28. Qd3 Qxd3 29. Nxd3 Nf4 30. Nxb4 Rb5 31. c4 Rc5 32. Rc3 Be7 33. Nd5 Nxd5 34. Rxd5 Rb8 35. b3 Rxd5 36. cxd5 Rb5 37. b4 Rxb4 38. Rc6 h5 39. f3 Ra4 40. Rxa6 Bg5 41. Rxd6 Rxa5 42. Rc6 Bf4 43. Kh3 Ra1 44. Rc2 Rd1 45. Rf2 Kh6 46. Rf1 Rd2 47. Re1 Kg5 48. Ne2 Be3 49. Nc3 Bd4 50. Nb5 Kf4 51. Nxd4 Rxd4 52. Ra1 f5 53. Re1 Rd2 54. g3+ Kg5 55. exf5 Kxf5 56. g4+ hxg4+ 57. fxg4+ Kf4 58. Rf1+ Kg5 59. Re1 Rxd5 60. Re4 Rd3+ 61. Kg2 Kf6 62. Re2 Ke6 63. Ra2 Rd6 64. Kf3 Rb6 65. Ra3 Kf6 66. Ra4 Rd6 67. Re4 Rd3+ 68. Kf2 Rd4 69. g5+ Kf5 70. Re1 Rg4 71. Ra1 Rxg5 72. Ra8 Rh5 73. Rf8+ Ke4 74. Rg8 Rf5+ 75. Kg3 Rf6 76. Kg4 Ke3 77. Ra8 Rd6 78. Ra3+ Rd3 79. Ra6 e4 80. Rxg6 Kf2 81. Rh6 Rf3 82. Rh2+ Ke3 83. Ra2 Rf8 84. Ra3+ Kf2 85. Ra2+ Kf1 86. Ra1+ Kg2 87. Re1 Re8 88. Kf4 Kf2 89. Rxe4 Rxe4+ 90. Kxe4 1/2-1/2

[Event "Denmark Team Championship 2022"]
[Site "Denmark"]
[Date "2022.10.30"]
[Round "2.7"]
[White "Jaksland, Tim"]
[Black "Pedersen, Finn"]
[Result "1/2-1/2"]
[ECO "D02"]
[WhiteElo "2100"]
[BlackElo "2266"]
[Annotator "ChessBase"]
[PlyCount "187"]
[EventDate "2022.10.29"]
[EventType "team-tourn"]
[EventCountry "DEN"]
[SourceTitle "playchess.com"]
[Source "ChessBase"]
[SourceQuality "1"]
[TimeControl "40/5400+30:1800+30"]

1. d4 d5 2. Nf3 c6 3. Bf4 Bf5 4. e3 e6 5. Nbd2 Bd6 6. Bxd6 Qxd6 7. c4 Nd7 8. Be2 h6 9. Qb3 Rb8 10. Bd3 Bxd3 11. Qxd3 Ngf6 12. O-O O-O 13. e4 dxe4 14. Nxe4 Nxe4 15. Qxe4 Rfd8 16. Rfd1 Qb4 17. b3 a5 18. Qe1 Qxe1+ 19. Rxe1 b5 20. Rac1 Rbc8 21. Kf1 Kf8 22. Red1 Nb6 23. Ke2 bxc4 24. bxc4 c5 25. Rc2 cxd4 26. Nxd4 Ke7 27. c5 Nd5 28. g3 Nb4 29. Rc4 Rd5 30. Nb3 Nxa2 31. Ra1 Nb4 32. Rxa5 Nc6 33. Ra2 Rb8 34. Nd2 Rb5 35. Ne4 f5 36. Nd2 Rbxc5 37. Rxc5 Rxc5 38. Rb2 Kf6 39. Ra2 Nb4 40. Rb2 Nd5 41. Kd3 Rc1 42. h4 e5 43. Rb1 Rc3+ 44. Ke2 e4 45. Rb7 Rd3 46. Nc4 f4 47. gxf4 Nxf4+ 48. Ke1 Ng2+ 49. Ke2 Rd4 50. Rb6+ Ke7 51. Ne5 Rd5 52. Ng6+ Kf7 53. Nh8+ Kg8 54. Ng6 Rh5 55. Rb4 Nxh4 56. Ne7+ Kf7 57. Rxe4 Ng6 58. Nxg6 Kxg6 59. Kf3 Rg5 60. Rh4 h5 61. Rh1 Kh6 62. Ra1 h4 63. Ra4 Kh5 64. Ra8 Rg1 65. Rh8+ Kg5 66. Rh7 g6 67. Rh8 Rg4 68. Rh7 Rf4+ 69. Kg2 Kg4 70. Ra7 h3+ 71. Kg1 g5 72. Ra2 Kh4 73. Rb2 Rg4+ 74. Kh1 Rg2 75. Rb4+ Kh5 76. Rb2 Kg4 77. Rb4+ Kf3 78. Rb3+ Kxf2 79. Rb2+ Kf3 80. Rb3+ Kg4 81. Rb4+ Kf5 82. Rf4+ Kg6 83. Rf6+ Kh5 84. Rh6+ Kg4 85. Rh4+ Kf3 86. Rf4+ Ke2 87. Re4+ Kd1 88. Re1+ Kd2 89. Rd1+ Ke2 90. Re1+ Kf3 91. Re3+ Kg4 92. Re4+ Kh5 93. Rh4+ Kg6 94. Rh6+ 1/2-1/2

[Event "Denmark Team Championship 2022"]
[Site "Denmark"]
[Date "2022.10.30"]
[Round "2.8"]
[White "Palm, Nikolaj"]
[Black "Haubro, Sigfred"]
[Result "0-1"]
[ECO "D31"]
[WhiteElo "2308"]
[BlackElo "2215"]
[Annotator "ChessBase"]
[PlyCount "70"]
[EventDate "2022.10.29"]
[EventType "team-tourn"]
[EventCountry "DEN"]
[SourceTitle "playchess.com"]
[Source "ChessBase"]
[SourceQuality "1"]
[TimeControl "40/5400+30:1800+30"]

1. d4 d5 2. c4 e6 3. Nc3 f5 4. Nf3 Nf6 5. Bg5 Be7 6. e3 O-O 7. Bd3 c6 8. Qc2 a5 9. O-O Ne4 10. Bxe7 Qxe7 11. a3 Nd7 12. Rac1 Kh8 13. Rfe1 g5 14. Nd2 Qg7 15. f3 Nxc3 16. bxc3 Nf6 17. Rb1 h5 18. e4 dxc4 19. Nxc4 f4 20. Re2 b5 21. Ne5 Bd7 22. c4 Rfc8 23. Qd1 Rc7 24. cxb5 cxb5 25. Nxd7 Qxd7 26. Bxb5 Qe7 27. Rc1 Rac8 28. Rxc7 Rxc7 29. a4 Qa3 30. Re1 g4 31. fxg4 hxg4 32. Qd2 f3 33. e5 Nd5 34. Bd3 Rf7 35. Rf1 Nf4 0-1

[Event "Denmark Team Championship 2022"]
[Site "Denmark"]
[Date "2022.10.30"]
[Round "2.8"]
[White "Berg, Klaus"]
[Black "Meskenas, Paulius"]
[Result "1/2-1/2"]
[ECO "A35"]
[WhiteElo "2278"]
[BlackElo "2038"]
[Annotator "ChessBase"]
[PlyCount "108"]
[EventDate "2022.10.29"]
[EventType "team-tourn"]
[EventCountry "DEN"]
[SourceTitle "playchess.com"]
[Source "ChessBase"]
[SourceQuality "1"]
[TimeControl "40/5400+30:1800+30"]

1. c4 c5 2. Nc3 Nc6 3. Nf3 Nf6 4. e3 g6 5. d4 cxd4 6. Nxd4 Bg7 7. Be2 O-O 8. O-O d5 9. cxd5 Nxd5 10. Nxd5 Qxd5 11. Bf3 Qd7 12. Nxc6 bxc6 13. Qc2 Bb7 14. Rd1 Qc7 15. Bd2 c5 16. Bxb7 Qxb7 17. Bc3 Rfd8 18. Bxg7 Kxg7 19. b3 Qc7 20. Qc3+ Kg8 21. h3 Rac8 22. Rxd8+ Qxd8 23. Rc1 Qd6 24. Qb2 Rc6 25. Qe2 Kg7 26. Rc4 a5 27. Qe1 Qc7 28. Ra4 Ra6 29. Qc3+ Kg8 30. g3 h5 31. h4 Qd6 32. Rc4 Qd1+ 33. Kg2 Rf6 34. Rf4 Rxf4 35. exf4 Qd5+ 36. Kh2 a4 37. bxa4 Qxa2 38. Qxc5 Qxa4 39. Qxe7 Qa2 40. Qc5 Qb1 41. Qd5 Qb6 42. Kg2 Qf6 43. f5 gxf5 44. Kf3 Qg6 45. Kf4 Qg4+ 46. Ke5 Kg7 47. Qd4 Qf3 48. Qe3 Qxe3+ 49. fxe3 Kg6 50. Kd5 Kh7 51. e4 fxe4 52. Kxe4 Kg6 53. Ke5 f6+ 54. Ke6 Kg7 1/2-1/2

[Event "Denmark Team Championship 2022"]
[Site "Denmark"]
[Date "2022.10.30"]
[Round "2.8"]
[White "Sobjerg, Erik"]
[Black "Pedersen, Jan"]
[Result "1-0"]
[ECO "C24"]
[WhiteElo "2252"]
[BlackElo "2383"]
[Annotator "ChessBase"]
[PlyCount "55"]
[EventDate "2022.10.29"]
[EventType "team-tourn"]
[EventCountry "DEN"]
[SourceTitle "playchess.com"]
[Source "ChessBase"]
[SourceQuality "1"]
[TimeControl "40/5400+30:1800+30"]

1. e4 e5 2. Bc4 Nf6 3. d3 Nc6 4. Nc3 Bc5 5. f4 exf4 6. Bxf4 O-O 7. Nf3 d6 8. Bg5 Be6 9. Nd5 Bxd5 10. Bxd5 h6 11. Bh4 g5 12. Bxc6 bxc6 13. Bg3 Re8 14. Qd2 Nh5 15. O-O-O Qf6 16. Rdf1 Qe6 17. Kb1 Rab8 18. Bf2 Bb4 19. Qd1 Ba3 20. b3 Ng7 21. Bxa7 Ra8 22. Bd4 c5 23. Ba1 d5 24. exd5 Qa6 25. Ne5 Bb4 26. a4 Reb8 27. Nc6 Qxa4 28. bxa4 1-0

[Event "Denmark Team Championship 2022"]
[Site "Denmark"]
[Date "2022.10.30"]
[Round "2.8"]
[White "Kakulidis, Ellen"]
[Black "Pedersen, Peer Ole"]
[Result "1/2-1/2"]
[ECO "D78"]
[WhiteElo "2021"]
[BlackElo "2085"]
[Annotator "ChessBase"]
[PlyCount "149"]
[EventDate "2022.10.29"]
[EventType "team-tourn"]
[EventCountry "DEN"]
[SourceTitle "playchess.com"]
[Source "ChessBase"]
[SourceQuality "1"]
[TimeControl "40/5400+30:1800+30"]

1. d4 d5 2. c4 c6 3. Nf3 Nf6 4. g3 g6 5. Bg2 Bg7 6. O-O O-O 7. Nbd2 Nbd7 8. b3 h6 9. Bb2 a6 10. Re1 Nb6 11. e4 Be6 12. exd5 cxd5 13. c5 Nbd7 14. b4 Rc8 15. Rc1 Nh7 16. Nh4 g5 17. Ng6 Re8 18. Qc2 Nhf8 19. Nxf8 Rxf8 20. Nf1 Nf6 21. Ne3 Qd7 22. a4 h5 23. Bf1 Bh6 24. Bd3 g4 25. Rcd1 Kg7 26. Bc1 Rh8 27. Ng2 Bxc1 28. Rxc1 Nh7 29. Bxh7 Rxh7 30. Nh4 Rh6 31. Re5 Rch8 32. Rce1 Rf6 33. Rg5+ Kf8 34. Qd1 Rhh6 35. Ree5 Rh8 36. Rxh5 Rfh6 37. Rxh6 Rxh6 38. Qd2 Rh7 39. Qf4 f6 40. Re1 Kf7 41. Qe3 Rh5 42. b5 axb5 43. axb5 Bf5 44. Nxf5 Rxf5 45. Qh6 Rg5 46. c6 bxc6 47. bxc6 Qc7 48. Qh7+ Kf8 49. Qh8+ Rg8 50. Qh6+ Rg7 51. Rc1 Kf7 52. Qh5+ Ke6 53. Qh8 Kf7 54. Qh5+ Ke6 55. Qh8 Kf7 56. Qa8 e6 57. Rb1 Rg8 58. Qa4 Kg6 59. Qc2+ f5 60. Rb7 Qa5 61. c7 Rc8 62. Qe2 Kf7 63. Qe5 Qa1+ 64. Kg2 Qd1 65. Qe3 Qc2 66. Rb6 Qe4+ 67. Qxe4 dxe4 68. Rc6 Ke7 69. h4 gxh3+ 70. Kxh3 Kd7 71. Rc1 Rxc7 72. Rxc7+ Kxc7 73. g4 fxg4+ 74. Kxg4 Kd6 75. Kf4 1/2-1/2

[Event "Denmark Team Championship 2022"]
[Site "Denmark"]
[Date "2022.02.26"]
[Round "4.1"]
[White "Bjerre, Jonas Buhl"]
[Black "Fries-Nielsen, Jens Ove"]
[Result "1-0"]
[ECO "E06"]
[WhiteElo "2622"]
[BlackElo "2353"]
[Annotator "TA"]
[PlyCount "89"]
[EventDate "2022.10.29"]
[EventType "team-tourn"]
[EventCountry "DEN"]
[SourceTitle "playchess.com"]
[Source "ChessBase"]
[SourceQuality "1"]
[TimeControl "40/5400+30:1800+30"]

1. Nf3 Nf6 2. d4 e6 3. c4 d5 4. g3 Be7 5. Bg2 O-O 6. Nc3 Na6 7. O-O b6 8. cxd5 exd5 9. Ne5 Bb7 10. Bf4 {[%emt 0:03:46] 10.Bg5 gains popularity.} Qc8 {[%emt 0:07:20] E18: Queen's Indian: Old Main Line (4 g3 Bb7 5 Bg2 Be7 6 0-0 0-0 7 Nc3).} 11. Rc1 Qe6 12. h4 {[%emt 0:07:54] [#]} Nh5 $146 {[%emt 0:17:06] White is slightly better.} ({Predecessor:} 12... Rfd8 13. e3 h6 14. g4 Ne4 15. h5 c5 16. f3 Nf6 17. Kh2 Nh7 18. Bg3 {0-1 (48) Kaunas,K (2350)-Zsinka,L (2325) Budapest 1993}) 13. Bd2 {[%emt 0:07:46] And now e4 would win.} (13. Bg5 $5 Nf6 14. Re1 $14) 13... g6 (13... Nf6 $14) 14. e4 dxe4 15. Nxe4 Rad8 16. Bh6 Ng7 17. Qa4 {[%emt 0:03:43] Really sharp!} (17. Re1 $1 $16 {Threatens to win with Ng4.} c5 18. Nf6+ $1 Bxf6 19. Bxb7 Bxe5 20. Rxe5 (20. Bxa6 Rxd4 21. Qe2 Bf6 $11) 20... Qxe5 21. dxe5 Rxd1+ 22. Rxd1) 17... Bxe4 (17... c5 $5 18. Rfd1 Rfe8 $11) 18. Bxe4 {[%emt 0:01:13][%cal Oe5c6] aiming for Nc6!} Nc5 19. dxc5 Qxe5 20. cxb6 cxb6 {[%emt 0:01:52] Hoping for ...Rd4.} (20... Rd4 {keeps more tension.} 21. Qa6 axb6 22. Bg2 Bc5) 21. Qc2 (21. Rce1 {is interesting.} Bc5 22. Qb3 Qd4 23. Be3) 21... Bc5 22. Bf4 Qe6 23. Rfe1 Rfe8 24. Kg2 Qxa2 25. Bg5 Rd6 26. Bf3 (26. Ra1 $5 Qe6 $8 27. Bf4 $11 (27. Rxa7 Rd4 $11)) 26... Rxe1 27. Rxe1 Re6 28. Rd1 Rd6 {[%emt 0:00:32] Against Bd5} 29. Rxd6 Bxd6 30. Qc8+ (30. Qc6 {is more complex.} Bf8 31. Bd5 Qb1 32. Qa8) 30... Bf8 31. Qd7 (31. Be7 {seems wilder.} Ne6 32. Bg4 Qd5+ 33. Kg1) 31... Qe6 {[%emt 0:03:53] Inhibits Bd5.} 32. Qxa7 h5 (32... Bc5 {feels hotter.} 33. Bd2 Bd4 34. b4 h5) 33. Qa8 Qd7 (33... Nf5 {looks sharper.} 34. Qb7 Bc5 35. Bd5 Nd6) 34. Be3 (34. Bd5 {is more complex.} Nf5 35. Bf6 Qd6 36. Bc3) 34... b5 35. Bc6 Qf5 36. Bd5 Ne6 {[%emt 0:01:04] [#] Against Bc5} (36... Ne8 $14 37. Qb7 b4) 37. Bh6 (37. Bxe6 $1 $18 fxe6 38. Kh2) 37... Ng7 $14 38. Bd2 {[%emt 0:01:00] Bb4 is the strong threat.} Kh7 (38... Ne8 $1 $14 39. Be4 Qe5) 39. Be3 (39. Qb7 $16) 39... Qd7 (39... Ne6 $14) 40. Bc6 $36 {[%emt 0:00:40][%mdl 2048] White has strong initiative. White has more active pieces. This pair of bishops is nice.} Qe7 41. Bxb5 Nf5 42. Bg5 Qb4 43. Bd3 Bg7 (43... Kg7 $16 44. Qc6 Nd6) 44. Qd5 $18 Nh6 {[%emt 0:19:53] [#]} 45. b3 $1 {[%emt 0:02:03] Weighted Error Value: White=0.20 (precise) /Black=0.28 (precise)} ({Much less strong is} 45. Bxh6 $6 Kxh6 46. Qg5+ (46. Qxf7 Qd6 $16) 46... Kh7 47. Qxh5+ Kg8) 1-0